Map: Blueshift LE

Players

Woogie

  • Race: Zerg Zerg
  • League: Diamond
  • Spawn Location: 1:00

Aiur - Winner!

  • Race: Protoss Protoss
  • League: Master
  • Spawn Location: 7:00

VOD

Have the link to the VOD?

Description

Never could get a 3rd established

Time

  • Played on: Sept. 19, 2018, 7:19 p.m.
  • Length: 12:44
Show
View Real Time Build Order
Export as new Build Order

Woogie Zerg 

Build Orders: Pool First 

Get SALT Encoding   

  12  0:01  Drone  
  13  0:14  Overlord  
  13  0:20  Drone  
  14  0:32  Drone x2  
  16  0:36  Drone  
  17  0:46  Spawning Pool  
  16  0:55  Drone  
  16  0:56  Extractor  
  16  1:01  Drone  
  17  1:12  Drone  
  18  1:19  Drone  
  19  1:29  Overlord  
  19  1:36  Queen  
  21  1:41  Zergling x2  
  22  2:12  Hatchery  
  21  2:17  Queen  
  21  2:18  Drone  
  21  2:19  Drone x2  
  21  2:20  Metabolic Boost  
  26  2:31  Extractor  
  25  2:42  Drone x2  
  27  2:47  Overlord  
  27  2:51  Drone x2  
  27  2:57  Lair  
  29  3:01  Roach Warren  
  29  3:03  Evolution Chamber  
  27  3:26  Queen, Drone x4  
  33  3:37  Zerg Melee Weapons Level 1  
  33  3:42  Overlord  
  33  3:47  Drone  
  33  3:48  Zergling x2, Drone x2  
  36  3:50  Zergling x2  
  38  4:02  Spore Crawler  
  37  4:04  Spore Crawler  
  37  4:08  Queen  
  38  4:14  Drone  
  38  4:15  Drone x2  
  38  4:16  Drone  
  42  4:29  Drone  
  43  4:32  Drone  
  43  4:34  Overlord x2  
  44  4:48  Pneumatized Carapace  
  44  4:52  Queen  
  44  4:53  Hydralisk Den  
  44  4:54  Drone x4  
  44  4:56  Drone  
  50  5:11  Overlord  
  50  5:12  Drone x5  
  55  5:16  Extractor  
  55  5:18  Hydralisk Den  
  52  5:30  Queen  
  52  5:36  Spore Crawler  
  52  5:40  Overlord x2, Spore Crawler  
  50  6:09  Grooved Spines  
  50  6:11  Muscular Augments  
  50  6:12  Overlord  
  50  6:13  Hydralisk x4  
  50  6:14  Hydralisk  
  60  6:23  Extractor, Zerg Missile Weapons Level 1  
  59  6:31  Zergling x4  
  60  6:48  Hydralisk x6  
  60  6:49  Hydralisk x2  
  76  6:55  Hatchery  
  75  7:04  Drone  
  75  7:05  Evolution Chamber, Drone  
  75  7:06  Overlord x2  
  76  7:13  Overseer x2  
  76  7:24  Drone  
  76  7:27  Drone x2  
  76  7:29  Drone  
  81  7:30  Drone  
  81  7:42  Zerg Ground Armor Level 1  
  81  8:05  Drone  
  81  8:06  Drone x10  
  91  8:37  Hatchery  
  91  8:40  Overlord x5  
  91  8:41  Overlord  
  90  8:46  Baneling Nest  
  89  8:53  Zerg Missile Weapons Level 2  
  89  9:20  Hydralisk  
  89  9:21  Hydralisk x11  
  113  9:32  Zergling x2  
  76  10:02  Zergling x6  
  76  10:03  Zergling x12  
  75  10:18  Queen x2  
  79  10:26  Hatchery  
  78  10:31  Hydralisk  
  78  10:32  Hydralisk x4  
  88  10:52  Hatchery  
  83  11:18  Hydralisk  
  83  11:19  Hydralisk x9  
  103  11:27  Spire  
  103  11:29  Drone x2  
  104  11:35  Extractor  
  104  11:39  Extractor  
  102  11:46  Hydralisk  
  96  11:47  Hydralisk x6  
  111  12:01  Roach  
  111  12:02  Roach x7  
Show
View Real Time Build Order
Export as new Build Order

Aiur Protoss - Winner!

Build Orders: 1 Gate Expand, Zealot Archon 

Get SALT Encoding   

  12  0:01  Probe  
  13  0:13  Probe  
  14  0:20  Pylon  
  14  0:25  Probe  
  15  0:34  Probe  
  15  0:39  Gateway  
  15  0:42  Probe  
  17  0:51  Assimilator  
  17  0:52  Probe  
  18  1:04  Probe  
  19  1:16  Probe  
  20  1:25  Nexus  
  20  1:38  Cybernetics Core  
  20  1:39  Probe  
  21  1:45  Assimilator  
  21  1:52  Pylon  
  21  1:56  Probe  
  22  2:06  Adept  
  24  2:19  Probe  
  24  2:31  Probe  
  24  2:34  Stargate  
  25  2:43  Warp Gate, Probe  
  25  2:44  Probe, Gateway  
  26  2:50  Adept  
  29  2:55  Probe  
  29  2:58  Shield Battery  
  30  3:06  Void Ray  
  30  3:10  Probe  
  30  3:11  Probe  
  36  3:28  Pylon  
  36  3:32  Shield Battery  
  36  3:36  Void Ray  
  36  3:37  Probe x2  
  36  3:40  Pylon  
  42  3:59  Probe x2  
  44  4:12  Void Ray, Gateway  
  44  4:13  Probe  
  44  4:14  Pylon, Probe  
  50  4:25  Probe  
  51  4:32  Robotics Facility  
  51  4:48  Probe x2  
  53  4:59  Gateway  
  53  5:00  Probe  
  53  5:01  Pylon, Probe  
  53  5:02  Gateway  
  53  5:04  Assimilator  
  58  5:08  Assimilator  
  58  5:09  Probe  
  58  5:12  Probe  
  58  5:13  Twilight Council  
  57  5:15  Pylon  
  57  5:17  Probe  
  58  5:25  Probe  
  58  5:27  Immortal  
  58  5:28  Probe  
  60  5:37  Probe  
  60  5:40  Gateway  
  60  5:41  Charge  
  60  5:42  Gateway  
  65  5:44  Probe  
  65  5:45  Pylon  
  66  6:03  Probe x2  
  68  6:10  Sentry x2  
  68  6:11  Zealot  
  74  6:12  Immortal  
  74  6:15  Probe x2  
  80  6:23  Pylon  
  80  6:25  Zealot x2  
  82  6:28  Pylon  
  84  6:43  Immortal  
  84  6:51  Zealot, Templar Archives, Sentry  
  84  6:52  Zealot x3  
  94  6:57  Phoenix  
  94  7:00  Pylon  
  98  7:05  Nexus  
  98  7:20  Pylon, Immortal  
  98  7:21  Shield Battery  
  98  7:22  Psionic Storm  
  102  7:30  Pylon  
  102  7:32  High Templar, Pylon  
  102  7:33  High Templar  
  102  7:35  Pylon  
  102  7:36  Archon  
  106  7:45  Pylon  
  106  7:52  High Templar  
  106  7:54  Zealot  
  106  7:55  Zealot  
  106  7:56  Zealot x2  
  116  8:26  Sentry  
  110  8:27  High Templar x2  
  110  8:28  Probe x3  
  103  8:35  High Templar  
  103  8:36  Probe, Zealot x3  
  103  8:40  Immortal, Probe x2  
  114  8:45  Probe  
  114  8:52  Probe x2  
  114  8:54  Probe  
  121  8:56  Robotics Facility  
  121  9:00  Assimilator  
  121  9:02  Assimilator  
  122  9:03  Pylon  
  122  9:04  Probe x2  
  122  9:05  Pylon  
  122  9:07  Zealot x4  
  132  9:10  Warp Prism  
  132  9:23  Zealot x3  
  140  9:32  Zealot x3  
  140  9:33  Zealot  
  134  9:47  Observer  
  133  9:54  Archon  
  105  10:13  Immortal  
  105  10:20  High Templar x7  
  119  10:23  Immortal  
  119  10:27  Probe  
  128  10:39  Forge  
  128  10:40  Nexus  
  128  10:41  Pylon, Forge  
  128  10:42  Probe x2  
  130  10:45  Pylon  
  130  10:47  Pylon  
  130  10:48  Pylon  
  130  10:53  Sentry x2, Gateway  
  130  10:54  High Templar  
  130  10:55  Immortal, Gateway  
  134  10:57  Gateway  
  134  10:59  Gateway  
  134  11:04  Immortal, Archon  
  138  11:07  Zealot  
  141  11:19  High Templar  
  141  11:20  High Templar  
  141  11:25  Gateway  
  145  11:27  Gateway  
  145  11:29  Photon Cannon  
  145  11:33  Zealot  
  145  11:34  Zealot x2  
  143  12:00  Zealot x7  
Tags
 
Add a new tag
Caveats
  • Supply blocks, unpowered buildings, or Contaminate may cause inaccurate times.
  • Supply counts are checked every 10 seconds.